 Dungeon Crawl Stone Soup version 0.23-a0-844-gdc03e01 (webtiles) character file.

693562 gruber the Demon Slayer (level 27, -13/220 (222) HPs)
             Began as a Gnoll Skald on Jan 10, 2019.
             Was a High Priest of the Shining One.
             Mangled by an eldritch tentacle (16 damage)
             ... called by the effects of Hell
             ... on level 2 of the Iron City of Dis on Jan 26, 2019.
             The game lasted 05:06:20 (86960 turns).

gruber the Demon Slayer (Gnoll Skald)              Turns: 86960, Time: 05:06:21

HP:   -13/220 (222) AC:  0    Str:  8 (11) XL:     27
MP:   1/46          EV:  3    Int: 32 (33) God:    the Shining One [*****.]
Gold: 6609          SH:  0    Dex: 19      Spells: 27/64 levels left

rFire    . . .     SeeInvis .     - Unarmed
rCold    . . .     Gourm    .   (shield currently unavailable)
rNeg     + + +     Faith    .   (armour currently unavailable)
rPois    ∞         Spirit   .   (helmet currently unavailable)
rElec    .         Reflect  +   (cloak currently unavailable)
rCorr    .         Harm     .   (gloves currently unavailable)
MR       ++...                  (boots currently unavailable)
Stlth    +++.......             b - amulet "Minniur" {Reflect +Inv Int+4 Dex+4 SH+5}
HPRegen  0.46/turn              (ring currently unavailable)
MPRegen  0.30/turn              (ring currently unavailable)

@: lethally poisoned (-13 -> -13), pig-form, petrified, very slightly
contaminated, slowed, glowing, invisible (but backlit and visible), very quick
A: small, distributed training, deterioration 1, weak 1, strong nose
}: 3/15 runes: decaying, silver, gossamer
a: Divine Shield, Cleansing Flame, Summon Divine Warrior, Renounce Religion


You were on level 2 of the Iron City of Dis.
You worshipped the Shining One.
The Shining One was extremely pleased with you.
You were not hungry.
You were a filthy swine.
You visited 13 branches of the dungeon, and saw 56 of its levels.
You visited the Abyss 1 time.
You visited 1 bazaar.
You also visited: Wizlab.

You collected 8479 gold pieces.
You spent 1870 gold pieces at shops.

Inventory:

Hand Weapons
 C - a +6 trishula of holy wrath (melded)
Missiles
 K - 3 javelins of returning (quivered)
 M - 29 javelins of penetration
 W - a throwing net
Armour
 c - quicksilver dragon scales (melded)
 q - a scarf of resistance (melded)
 w - a +2 pair of boots of running (melded)
 A - a +8 large shield of positive energy (melded)
 J - the +2 helmet "Ohuceez" (melded) {rElec rC+ rCorr}
   (You found it on level 2 of the Depths)

   It protects you from cold.
   It insulates you from electricity.
   It provides partial protection from all sources of acid and corrosion.
 Y - the +2 pair of gloves of Dishonour (melded) {+Inv MR+ Dex+3}
   (Okawaru gifted it to you on level 5 of the Lair of Beasts)

   It affects your dexterity (+3).
   It affects your resistance to hostile enchantments.
   It lets you turn invisible.
Jewellery
 b - the amulet "Minniur" (around neck) {Reflect +Inv Int+4 Dex+4 SH+5}
   (You found it on level 2 of the Realm of Zot)

   [amulet of reflection]

   It shields you and reflects attacks.
   It affects your intelligence (+4).
   It affects your dexterity (+4).
   It lets you turn invisible.
   It affects your SH (+5).
 i - a ring of poison resistance (melded)
 k - an uncursed ring of see invisible
 T - the ring of Elyvilon's Wrath (melded) {+Fly rN+ Slay+2}
   (You found it in a wizard's laboratory)

   [ring of flight]

   It affects your accuracy and damage with ranged weapons and melee attacks
   (+2).
   It protects you from negative energy.
   It lets you fly.
Wands
 s - a wand of scattershot (15)
 y - a wand of digging (63)
 z - a wand of acid (76)
 G - a wand of disintegration (33)
 H - a wand of paralysis (64)
 I - a wand of iceblast (76)
 L - a wand of flame (92)
 O - a wand of clouds (3)
 R - a wand of polymorph (9)
 V - a wand of enslavement (6)
Scrolls
 e - 10 scrolls of fear
 g - a scroll of summoning
 j - 25 scrolls of remove curse
 l - 20 scrolls of teleportation
 r - 6 scrolls of fog
 u - 8 scrolls of magic mapping
 B - 10 scrolls of blinking
 D - 8 scrolls of identify
 Q - 2 scrolls of enchant armour
Potions
 a - 4 potions of magic
 f - 9 potions of brilliance
 h - 8 potions of haste
 m - 7 potions of might
 n - 10 potions of heal wounds
 p - 5 potions of agility
 t - 3 potions of resistance
 v - 24 potions of curing
 F - 4 potions of invisibility
 S - 7 potions of cancellation
 U - 6 potions of flight
 Z - 4 potions of ambrosia
Miscellaneous
 o - a lamp of fire
 x - a sack of spiders
 N - a phial of floods
 P - a fan of gales
Comestibles
 d - 84 rations


   Skills:
 + Level 19.4 Fighting
 + Level 19.0 Short Blades
 + Level 19.0 Long Blades
 + Level 19.0 Axes
 + Level 19.0 Maces & Flails
 + Level 19.4 Polearms
 + Level 19.0 Staves
 + Level 19.0 Slings
 + Level 19.0 Bows
 + Level 19.0 Crossbows
 + Level 19.0 Throwing
 + Level 19.1 Armour
 + Level 19.4 Dodging
 + Level 19.0 Stealth
 + Level 19.0 Shields
 + Level 19.0 Unarmed Combat
 + Level 19.4 Spellcasting
 + Level 16.4 Conjurations
 + Level 16.4 Hexes
 + Level 17.1 Charms
 + Level 16.4 Summonings
 + Level 16.4 Necromancy
 + Level 16.4 Translocations
 + Level 16.4 Transmutations
 + Level 16.4 Fire Magic
 + Level 16.4 Ice Magic
 + Level 16.4 Air Magic
 + Level 16.4 Earth Magic
 + Level 16.4 Poison Magic
 + Level 20.4 Invocations
 + Level 19.0 Evocations


You had 27 spell levels left.
You knew the following spells:

 Your Spells              Type           Power        Failure   Level  Hunger
a - Infusion              Chrm           ####         0%          1    None
b - Shroud of Golubria    Chrm/Tloc      #######...   0%          2    None
c - Regeneration          Chrm/Necr      #######...   0%          3    None
d - Spectral Weapon       Hex/Chrm       #######.     0%          3    None
e - Mephitic Cloud        Conj/Pois/Air  #######.     0%          3    None
f - Freezing Cloud        Conj/Ice/Air   #######...   1%          6    None
g - Call Canine Familiar  Summ           #######.     0%          3    None
h - Deflect Missiles      Chrm/Air       #######...   1%          6    None
i - Aura of Abjuration    Summ           #######...   1%          5    None
j - Dispel Undead         Necr           #######.     1%          5    None

Your spell library contained the following spells:

 Spells                   Type           Power        Failure   Level  Hunger
 Animate Skeleton         Necr           N/A          0%          1    None
 Apportation              Tloc           ######       0%          1    None
 Confusing Touch          Hex            ######       0%          1    None
 Corona                   Hex            #######      0%          1    None
 Flame Tongue             Conj/Fire      #####        0%          1    None
 Pain                     Necr           ####         0%          1    None
 Shock                    Conj/Air       ####         0%          1    None
 Summon Butterflies       Summ           #######.     0%          1    None
 Summon Small Mammal      Summ           ####         0%          1    None
 Call Imp                 Summ           #######.     0%          2    None
 Corpse Rot               Necr           N/A          0%          2    None
 Ensorcelled Hibernation  Hex/Ice        ######       0%          2    None
 Poisonous Vapours        Pois/Air       ######       0%          2    None
 Song of Slaying          Chrm           #######.     0%          2    None
 Sublimation of Blood     Necr           #######...   0%          2    None
 Swiftness                Chrm/Air       #######.     0%          2    None
 Throw Flame              Conj/Fire      ######       0%          2    None
 Confuse                  Hex            #######.     0%          3    None
 Conjure Flame            Conj/Fire      #######.     0%          3    None
 Dazzling Spray           Conj/Hex       ######       0%          3    None
 Gell's Gravitas          Tloc           #######...   0%          3    None
 Ignite Poison            Fire/Tmut/Pois #######.     0%          3    None
 Inner Flame              Hex/Fire       #######.     0%          3    None
 Lesser Beckoning         Tloc           #######...   0%          3    None
 Ozocubu's Armour         Chrm/Ice       #######.     0%          3    None
 Portal Projectile        Hex/Tloc       ######       0%          3    None
 Recall                   Summ/Tloc      N/A          0%          3    None
 Static Discharge         Conj/Air       #######.     0%          3    None
 Summon Guardian Golem    Hex/Summ       #######.     0%          3    None
 Teleport Other           Tloc           #######.     0%          3    None
 Tukima's Dance           Hex            #######.     0%          3    None
 Vampiric Draining        Necr           #######...   0%          3    None
 Airstrike                Air            #######...   0%          4    None
 Cause Fear               Hex            #######...   0%          4    None
 Force Lance              Conj/Tloc      #######.     0%          4    None
 Leda's Liquefaction      Hex/Erth       #######...   0%          4    None
 Petrify                  Tmut/Erth      #######.     0%          4    None
 Sticky Flame             Conj/Fire      #######.     0%          4    None
 Summon Ice Beast         Ice/Summ       #######.     0%          4    None
 Summon Lightning Spire   Summ/Air       #######.     0%          4    None
 Agony                    Necr           #######.     1%          5    None
 Bolt of Draining         Conj/Necr      #######...   1%          5    None
 Bolt of Magma            Conj/Fire/Erth #######...   1%          5    None
 Borgnjor's Vile Clutch   Necr/Erth      #######...   1%          5    None
 Excruciating Wounds      Chrm/Necr      #######...   1%          5    None
 Fireball                 Conj/Fire      #######...   1%          5    None
 Irradiate                Conj/Tmut      #######...   1%          5    None
 Iskenderun's Battlesphe  Conj/Chrm      #######.     1%          5    None
 Lee's Rapid Deconstruct  Erth           #######...   1%          5    None
 Lightning Bolt           Conj/Air       #######...   1%          5    None
 Metabolic Englaciation   Hex/Ice        #######...   1%          5    None
 Silence                  Hex/Air        #######...   1%          5    None
 Summon Demon             Summ           #######...   1%          5    None
 Summon Forest            Summ/Tloc      #######...   1%          5    None
 Summon Mana Viper        Hex/Summ       #######.     1%          5    None
 Venom Bolt               Conj/Pois      #######...   1%          5    None
 Yara's Violent Unravell  Hex/Tmut       #######...   1%          5    None
 Bolt of Fire             Conj/Fire      #######...   1%          6    None
 Conjure Ball Lightning   Conj/Air       #######...   1%          6    None
 Dispersal                Tloc           #######...   1%          6    None
 Hydra Form               Tmut           #######...   1%          6    None
 Invisibility             Hex            #######.     1%          6    None
 Iron Shot                Conj/Erth      #######...   1%          6    None
 Shadow Creatures         Summ           N/A          1%          6    None
 Statue Form              Tmut/Erth      #######..    1%          6    None
 Dragon Form              Tmut           #######...   1%          7    ###....
 Haunt                    Necr/Summ      #######...   1%          7    ###....
 Malign Gateway           Summ/Tloc      #######...   1%          7    ###....
 Monstrous Menagerie      Summ           #######...   1%          7    ###....
 Orb of Destruction       Conj           #######...   1%          7    ###....
 Ring of Flames           Chrm/Fire      #######...   1%          7    ###....
 Spellforged Servitor     Conj/Summ      #######...   1%          7    ###....
 Summon Greater Demon     Summ           #######...   1%          7    ###....
 Summon Hydra             Summ           #######...   1%          7    ###....
 Controlled Blink         Tloc           N/A          9%          8    #####..
 Discord                  Hex            #######...   9%          8    #####..
 Disjunction              Tloc           #######...   9%          8    #####..
 Ignition                 Fire           #######...   9%          8    #####..
 Summon Horrible Things   Summ           #######...   9%          8    #####..
 Dragon's Call            Summ           #######...   80%         9    ######.
 Shatter                  Erth           #######...   80%         9    ######.
 Tornado                  Air            #######...   80%         9    ######.


Dungeon Overview and Level Annotations

Branches:
Dungeon (15/15)            Temple (1/1) D:6            Lair (6/6) D:11
  Swamp (4/4) Lair:3       Spider (4/4) Lair:4        Slime (0/5) Lair:5
    Orc (2/2) D:9             Elf (3/3) Orc:2        Vaults (5/5) D:14
  Crypt (3/3) Vaults:3       Tomb (0/3) Crypt:3      Depths (5/5) D:15
   Hell (1/1)                 Dis (2/7) Hell            Geh (0/7) Hell
    Coc (0/7) Hell            Tar (0/7) Hell            Zot (5/5) Depths:5

Altars:
Ashenzari
Cheibriados
Elyvilon
Fedhas
Gozag
Kikubaaqudgha
Makhleb
Nemelex Xobeh
Okawaru
Qazlal
Ru
Sif Muna
Trog
Uskayaw
Wu Jian
Xom
Yredelemnul
Zin
The Shining One
Beogh

Shops:
D:9 [   D:12 *   Orc:1 *   Orc:2 [![?   Elf:1 }   Elf:2 *   Vaults:2 [
Vaults:3 }   Vaults:5 =   Depths:2 (   Depths:3 ?:

Portals:
Hell: Depths:1 Depths:2 Depths:3 Depths:4 Depths:5
Abyss: Depths:2 Depths:3 Depths:4
Pandemonium: Depths:3
Ziggurat: Depths:4

Annotations:
Lair:6 3 runed doors, Phong's ghost, journeyman OpSu
Zot:1 1 transporter


Innate Abilities, Weirdness & Mutations

Your experience applies equally to all skills.
((You have very sharp teeth.))
Your uncanny sense of smell can sniff out nearby items.
((Armour fits poorly on your strangely shaped body.))
Your body sometimes deteriorates upon taking damage.
You are weak. (Str -2)


Message History

* * * LOW HITPOINT WARNING * * *
You feel your power leaking away. The eldritch tentacle slaps you.
* * * LOW HITPOINT WARNING * * *
You feel your power leaking away. The eldritch tentacle claws you.
* * * LOW HITPOINT WARNING * * *
You feel your power leaking away. The eldritch tentacle slaps you!
* * * LOW HITPOINT WARNING * * *
The eldritch tentacle freezes you!!
* * * LOW HITPOINT WARNING * * *
The eldritch tentacle claws you!!
* * * LOW HITPOINT WARNING * * *
You are engulfed in flames!!
The Shining One protects you from harm! The eldritch tentacle slaps you!!
The Shining One protects you from harm! The eldritch tentacle freezes you!!
You die...

.#......#.........#
####'####.........#
.#......#.........#
.#......#...*.....#
.#......#.>.│.....#
.#......#....\....#
.##'#####.....\...#
.#......#######w###
##......#.......h.#
.#......#.........#
.#......#.........#
.#......#.........#
.#......#.........#
.#......#.........#
###################


You could see an eldritch tentacle.

Vanquished Creatures
  2 ancient liches (Vaults:5)
  The ghost of Azzok the Evocator, a legendary DDFi of Makhleb (Zot:5)
  Mara (Vaults:5)
  An orb of fire (Zot:3)
  Mennas (Crypt:2)
  2 juggernauts
  Boris (Vaults:3)
  Sojobo (Depths:4)
  the Lernaean hydra (Swamp:4)
  Margery (Crypt:2)
  Frederick (Vaults:3)
  Saint Roka (D:14)
  2 caustic shrikes
  Geryon (Hell)
  18 golden dragons
  Jory (Crypt:2)
  Arachne (Spider:2)
  2 bone dragons (Depths:5)
  An iron giant (Dis:2)
  13 tentacled monstrosities
  8 liches
  A Cloud Mage (WizLab)
  5 Orb Guardians (Zot:5)
  6 quicksilver dragons
  Asterion (Elf:1)
  5 deep elf master archers
  3 deep elf blademasters
  5 titans
  An eldritch tentacle (Dis:2)
  5 ancient champions
  3 sphinxes
  4 death cobs
  Gastronok (Lair:3)
  12 storm dragons
  3 revenants
  10 tengu reavers
  Kirke (Swamp:2)
  13 fire giants
  15 shadow dragons
  Roxanne (D:14)
  5 draconian monks
  4 draconian scorchers
  7 ghost moths
  17 vault wardens
  5 deep elf sorcerers
  19 frost giants
  10 draconian knights
  3 iron dragons
  An orc warlord (Elf:1)
  7 draconian shifters
  2 balrugs
  2 juggernaut zombies
  2 curse skulls (Crypt:3)
  Louise (Spider:2)
  7 ghouls (Crypt:2)
  6 emperor scorpions
  6 war gargoyles
  9 deep elf elementalists
  10 reapers
  3 draconian stormcallers
  11 ironheart preservers
  5 draconian annihilators
  6 spriggan defenders
  15 very ugly things
  21 vampire knights
  22 stone giants
  12 white draconians
  5 entropy weavers
  14 green draconians
  21 black draconians
  Nessos (Orc:2)
  8 purple draconians
  14 red draconians
  5 dire elephants
  12 deep elf demonologists
  9 yellow draconians
  2 lorocyprocas
  14 deep elf annihilators
  12 spark wasps
  4 eidola
  A crystal guardian (Vaults:3)
  20 ettins
  A merfolk javelineer (Depths:5)
  3 quicksilver dragon zombies
  3 green deaths
  A merfolk impaler (Depths:4)
  Josephine (Lair:5)
  4 blizzard demons (WizLab)
  11 jiangshi
  6 deep elf death magi
  14 fire dragons
  12 great orbs of eyes
  17 yaktaur captains
  A hell beast (Dis:1)
  14 ogre magi
  6 deep elf high priests
  7 rakshasas
  27 vault guards
  23 hydras
  The ghost of ThereIsNoGod the Severer, a journeyman DDFi of Makhleb (Orc:1)
  7 spriggan air magi
  2 ghost crabs
  A catoblepas (D:13)
  Erica (D:8)
  An anaconda (Lair:6)
  19 ice dragons
  3 death knights
  52 two-headed ogres
  29 dancing weapons
  17 centaur warriors
  7 deep troll shamans
  12 vampire magi
  8 orc high priests (Orc:2)
  10 tengu warriors
  18 alligators
  6 deep troll earth magi
  3 hell hogs (Hell)
  3 thrashing horrors (Abyss:5)
  3 shock serpents (WizLab)
  4 iron golems
  9 spriggan berserkers
  Nergalle (Lair:1)
  Urug (Lair:2)
  4 soul eaters
  A titan skeleton (Depths:3)
  24 deep elf knights
  62 skeletal warriors
  A storm dragon zombie (Dis:1)
  7 shadow wraiths
  A fire crab (shapeshifter) (Depths:3)
  16 deep trolls
  4 unseen horrors
  2 infernal demonspawn (Depths:3)
  An iron troll (Depths:2)
  A sea snake (shapeshifter) (Vaults:5)
  6 glowing orange brains
  15 hell knights
  3 wizards
  A deep troll (shapeshifter) (Vaults:5)
  7 flayed ghosts
  A shadow demon (Dis:2)
  3 spatial maelstroms (Abyss:5)
  2 death drakes (WizLab)
  2 anaconda zombies (Crypt:3)
  9 swamp dragons
  12 ironbrand convokers
  2 spriggan druids
  19 deep elf archers
  A mana viper (shapeshifter) (Depths:4)
  12 necromancers
  29 phantasmal warriors
  3 shadow dragon zombies
  A tengu zombie (Depths:2)
  2 golden dragon skeletons
  7 large abominations (Abyss:5)
  18 orc knights
  A harpy (shapeshifter) (Elf:1)
  An obsidian statue (Vaults:4)
  Pikel (D:8)
  29 wolf spiders
  83 deep elf magi
  A wolf spider zombie (Crypt:3)
  5 fire giant zombies
  11 orb spiders
  An iron dragon zombie (Depths:4)
  5 orc sorcerers
  A tengu skeleton (Depths:4)
  A manticore (shapeshifter) (Depths:1)
  53 ugly things
  7 cyclopes
  3 stone giant zombies
  3 frost giant zombies
  A worldbinder (Abyss:5)
  A dire elephant zombie (Dis:1)
  A centaur zombie (D:13)
  20 moths of wrath
  9 elephants
  A guardian serpent (shapeshifter) (Depths:2)
  A naga mage (D:15)
  A fire giant skeleton (Vaults:2)
  A spriggan skeleton (Depths:3)
  An ice statue (Hell)
  A torpor snail (shapeshifter) (Vaults:5)
  A black mamba (Lair:5)
  3 gargoyles
  13 rust devils
  3 apocalypse crabs (WizLab)
  13 vault sentinels
  2 titan simulacra
  A torpor snail (Lair:3)
  3 molten gargoyles
  A storm dragon simulacrum (Crypt:2)
  A spiny frog (shapeshifter) (Vaults:5)
  2 emperor scorpion zombies
  13 spiny frogs
  2 hellions (Dis:1)
  2 kobold demonologists
  A catoblepas zombie (Dis:1)
  7 komodo dragons
  6 tormentors
  A white draconian skeleton (Crypt:2)
  An efreet (Dis:1)
  75 yaktaurs
  An anaconda simulacrum (Hell)
  A yaktaur (shapeshifter) (Vaults:3)
  8 tengu conjurers
  12 ice devils
  7 trolls
  7 demonic crawlers
  2 queen bees (shapeshifter)
  10 red devils
  A yaktaur skeleton (Vaults:2)
  A harpy zombie (Dis:2)
  2 polar bears
  A queen bee (Lair:5)
  2 freezing wraiths
  4 hydra zombies
  A guardian mummy (Crypt:3)
  10 tyrant leeches
  A polar bear (shapeshifter) (Depths:2)
  40 jumping spiders
  9 meliai
  18 hornets
  Prince Ribbit (D:5)
  A tengu simulacrum (Depths:4)
  3 hydra skeletons
  A shadow dragon simulacrum (Crypt:2)
  5 bog bodies
  6 blink frogs
  42 slime creatures
  A moth of wrath zombie (Crypt:2)
  An ice dragon zombie (Dis:1)
  A slime creature (shapeshifter) (Depths:3)
  3 hippogriffs
  A blink frog (shapeshifter) (Elf:1)
  4 ettin zombies
  2 snapping turtles (shapeshifter) (Depths:4)
  A meliai zombie (D:14)
  A fire giant simulacrum (Vaults:1)
  9 air elementals
  10 flying skulls (Dis:1)
  10 raiju (Abyss:5)
  A vampire (D:9)
  A satyr skeleton (Crypt:2)
  2 spriggans (shapeshifter)
  9 spriggans
  5 wyverns
  83 redbacks
  An alligator skeleton (Hell)
  A tarantella (shapeshifter) (Vaults:2)
  3 alligator zombies
  31 tarantellas
  A fire dragon skeleton (Crypt:3)
  A black mamba skeleton (Crypt:3)
  7 water elementals
  A wyvern (shapeshifter) (Vaults:2)
  11 shadows
  20 wraiths
  22 yaks
  12 fire elementals
  2 chaos spawn (Abyss:5)
  A fire bat (Abyss:5)
  5 basilisks
  A hog (Swamp:2)
  2 neqoxecs
  A monstrous demonspawn zombie (Crypt:2)
  A hungry ghost (D:15)
  15 vampire mosquitoes
  6 spatial vortices (Abyss:5)
  A steam dragon (D:11)
  7 wargs
  A gelid demonspawn zombie (Crypt:3)
  A human simulacrum (Vaults:2)
  15 insubstantial wisps
  22 swamp worms
  2 spiny frog zombies (Hell)
  A deep troll skeleton (Crypt:1)
  14 hell hounds (Dis:1)
  2 small abominations (Abyss:5)
  10 swamp drakes
  4 porcupines
  Duvessa (D:4)
  9 water moccasins
  47 orc warriors
  6 phantoms
  2 sky beasts
  2 eyes of draining
  14 ice beasts
  2 slaves (D:8)
  A manticore zombie (Hell)
  An eye of draining (shapeshifter) (Depths:5)
  2 black bears (D:13)
  A blink frog zombie (Crypt:3)
  A swamp dragon zombie (Crypt:3)
  8 necrophages
  6 boggarts (Depths:3)
  29 centaurs
  32 ogres
  A swamp dragon skeleton (Crypt:1)
  14 crocodiles
  A big kobold (shapeshifter) (Depths:4)
  4 elf zombies
  A gnoll sergeant (D:9)
  3 big kobolds
  17 bullfrogs
  10 earth elementals
  A spiny frog simulacrum (Hell)
  An elf skeleton (D:8)
  Dowan (D:4)
  A wyvern zombie (D:12)
  A wyvern skeleton (D:14)
  7 scorpions
  A yak zombie (Crypt:1)
  27 killer bees
  3 elf simulacra
  2 howler monkeys (D:10)
  16 wights
  3 electric eels
  11 crimson imps
  8 jellies
  5 human zombies
  A quasit (D:14)
  A bullfrog zombie (D:5)
  A black bear zombie (Crypt:2)
  4 centaur skeletons
  15 hounds
  3 bullfrog skeletons
  4 human skeletons
  42 orc priests
  8 iron imps
  Jessica (D:2)
  4 iguanas
  Terence (D:2)
  36 orc wizards
  A worker ant (shapeshifter) (Depths:3)
  11 worker ants
  A demigod zombie (Crypt:2)
  A deep dwarf skeleton (Crypt:1)
  A hound zombie (D:9)
  A crocodile skeleton (Crypt:1)
  A hound skeleton (D:8)
  16 mummies
  A worker ant zombie (D:6)
  13 adders
  12 gnolls
  A howler monkey skeleton (D:4)
  6 shadow imps
  A white imp (Depths:1)
  An ufetubus (Vaults:2)
  7 oozes
  An adder skeleton (D:4)
  A worm (D:2)
  A leopard gecko (D:9)
  128 orcs
  5 bats
  9 giant cockroaches
  8 goblins
  4 hobgoblins
  4 jackals (D:2)
  8 quokkas
  3 frilled lizards
  A jackal skeleton (Crypt:3)
  3 jackal zombies
  6 kobolds
  An orc skeleton (D:8)
  2 orc zombies
  A quokka skeleton (D:6)
  A quokka zombie (D:6)
  10 rats
  A river rat skeleton (Crypt:3)
  2 crawling corpses (Elf:3)
  A fire vortex (Depths:3)
  4 plants (Lair:6)
  8 spectral weapons
2838 creatures vanquished.

Vanquished Creatures (collateral kills)
  A deep elf sorcerer (Vaults:2)
  2 stone giants
  An ettin (Depths:2)
  A great orb of eyes (Depths:3)
  A rakshasa (Vaults:1)
  An ogre mage (Vaults:1)
  A sphinx zombie (Depths:2)
  A frost giant zombie (Depths:2)
  A wolf spider (Spider:4)
  An ugly thing (Depths:3)
  A vault sentinel (Vaults:1)
  A spiny frog (Lair:6)
  2 yaktaurs
  A jumping spider (Spider:1)
  A bog body (Swamp:1)
  4 slime creatures
  A frost giant simulacrum (Vaults:2)
  3 redbacks
  A wyvern (Lair:6)
  A tarantella (Spider:4)
  A soldier ant (shapeshifter) (Vaults:1)
  4 swamp worms
  A boggart (Depths:3)
  An ogre (D:14)
  A bullfrog (D:14)
  A human simulacrum (Vaults:2)
  2 orcs (D:14)
38 creatures vanquished.

Vanquished Creatures (others)
  Xtahua (Vaults:3)
  A deep elf master archer (Dis:2)
  A frost giant (Depths:4)
  An alligator (Swamp:4)
  A flayed ghost (Depths:1)
  An ironbrand convoker (Vaults:5)
  A deep elf mage (Vaults:3)
  A tengu conjurer (Depths:3)
  An elf zombie (Depths:1)
  2 swamp worms
  A slave (D:8)
  2 orc wizards
  A kobold skeleton (Dis:1)
  5 fungi
  11 plants
  139 spectral weapons
170 creatures vanquished.

Grand Total: 3046 creatures vanquished

Notes
Turn   | Place    | Note
-------+----------+-------------------------------------------
     0 | D:1      | gruber the Gnoll Skald began the quest for the Orb.
     0 | D:1      | Reached XP level 1. HP: 20/20 MP: 6/6
   107 | D:1      | Reached XP level 2. HP: 26/26 MP: 3/7
   113 | D:1      | Learned a level 2 spell: Shroud of Golubria
   574 | D:2      | Noticed Terence
   585 | D:2      | Killed Terence
   585 | D:2      | Reached skill level 5 in Spellcasting
   585 | D:2      | Reached skill level 1 in Invocations
   585 | D:2      | Reached XP level 3. HP: 22/31 MP: 4/9
   590 | D:2      | Learned a level 3 spell: Regeneration
   594 | D:2      | Learned a level 3 spell: Spectral Weapon
   681 | D:2      | Reached skill level 1 in Short Blades
   681 | D:2      | Reached skill level 1 in Long Blades
   681 | D:2      | Reached skill level 1 in Axes
   681 | D:2      | Reached skill level 1 in Maces & Flails
   681 | D:2      | Reached skill level 1 in Staves
   681 | D:2      | Reached skill level 1 in Slings
   681 | D:2      | Reached skill level 1 in Bows
   681 | D:2      | Reached skill level 1 in Crossbows
   681 | D:2      | Reached skill level 1 in Throwing
   681 | D:2      | Reached skill level 1 in Stealth
   681 | D:2      | Reached skill level 1 in Shields
   681 | D:2      | Reached skill level 1 in Unarmed Combat
   681 | D:2      | Reached skill level 1 in Evocations
   800 | D:2      | Reached XP level 4. HP: 28/38 MP: 8/11
  1003 | D:2      | Noticed Jessica
  1020 | D:2      | Killed Jessica
  1020 | D:2      | Reached skill level 1 in Conjurations
  1020 | D:2      | Reached skill level 1 in Hexes
  1020 | D:2      | Reached skill level 1 in Summonings
  1020 | D:2      | Reached skill level 1 in Necromancy
  1020 | D:2      | Reached skill level 1 in Translocations
  1020 | D:2      | Reached skill level 1 in Transmutations
  1020 | D:2      | Reached skill level 1 in Fire Magic
  1020 | D:2      | Reached skill level 1 in Ice Magic
  1020 | D:2      | Reached skill level 1 in Air Magic
  1020 | D:2      | Reached skill level 1 in Earth Magic
  1020 | D:2      | Reached skill level 1 in Poison Magic
  1156 | D:3      | Reached XP level 5. HP: 43/43 MP: 10/12
  1174 | D:3      | Found a blossoming altar of Fedhas.
  1581 | D:4      | Reached XP level 6. HP: 43/50 MP: 10/13
  1625 | D:4      | Reached skill level 2 in Invocations
  1639 | D:4      | Reached skill level 5 in Fighting
  1639 | D:4      | Reached skill level 5 in Polearms
  1639 | D:4      | Reached skill level 5 in Dodging
  1785 | D:4      | Found a glowing golden altar of the Shining One.
  1979 | D:4      | Reached XP level 7. HP: 56/56 MP: 11/15
  2187 | D:4      | Noticed Duvessa
  2187 | D:4      | Noticed Dowan
  2207 | D:4      | Killed Duvessa
  2214 | D:4      | Killed Dowan
  2291 | D:5      | Entered Level 5 of the Dungeon
  2313 | D:5      | Found an ornate altar of the Wu Jian Council.
  2392 | D:5      | Got a crude scale mail
  2393 | D:5      | Identified the +4 scale mail "Poriompi" {rN++ MR+} (You
                  | found it on level 5 of the Dungeon)
  2530 | D:6      | Noticed Prince Ribbit
  2809 | D:6      | Reached skill level 3 in Invocations
  3021 | D:6      | Reached XP level 8. HP: 40/63 MP: 13/16
  3266 | D:6      | Found a shattered altar of Ashenzari.
  3373 | D:6      | Found a white marble altar of Elyvilon.
  3376 | D:6      | Found a deep blue altar of Sif Muna.
  3377 | D:6      | Found a snail-covered altar of Cheibriados.
  3759 | D:6      | Found a sacrificial altar of Ru.
  4191 | D:6      | Found a staircase to the Ecumenical Temple.
  4225 | Temple   | Entered the Ecumenical Temple
  4280 | Temple   | Became a worshipper of Warmaster Okawaru
  4447 | D:7      | Reached skill level 4 in Invocations
  4465 | D:6      | Reached XP level 9. HP: 18/69 MP: 15/18
  4934 | D:7      | Found an ancient bone altar of Kikubaaqudgha.
  5071 | D:8      | Reached * piety under Okawaru
  5094 | D:8      | Reached skill level 5 in Armour
  5167 | D:8      | Noticed Erica
  5184 | D:8      | Killed Erica
  5184 | D:8      | Reached ** piety under Okawaru
  5184 | D:8      | Reached skill level 5 in Invocations
  5537 | D:8      | Reached XP level 10. HP: 70/77 MP: 18/20
  5580 | D:8      | Found a basalt altar of Yredelemnul.
  5654 | D:8      | Noticed Pikel
  5664 | D:8      | Killed Pikel
  5664 | D:8      | Reached skill level 5 in Short Blades
  5664 | D:8      | Reached skill level 5 in Long Blades
  5664 | D:8      | Reached skill level 5 in Axes
  5664 | D:8      | Reached skill level 5 in Maces & Flails
  5664 | D:8      | Reached skill level 5 in Staves
  5664 | D:8      | Reached skill level 5 in Slings
  5664 | D:8      | Reached skill level 5 in Bows
  5664 | D:8      | Reached skill level 5 in Crossbows
  5664 | D:8      | Reached skill level 5 in Throwing
  5664 | D:8      | Reached skill level 5 in Stealth
  5664 | D:8      | Reached skill level 5 in Shields
  5664 | D:8      | Reached skill level 5 in Unarmed Combat
  5664 | D:8      | Reached skill level 5 in Evocations
  5821 | D:8      | Reached *** piety under Okawaru
  6105 | D:9      | Found a stormy altar of Qazlal.
  6260 | D:9      | Found a shimmering altar of Xom.
  6363 | D:9      | Found Iwugyak's Armour Shoppe.
  6365 | D:9      | Found a staircase to the Orcish Mines.
  6708 | D:9      | Reached skill level 6 in Invocations
  6869 | D:9      | Found a runed door.
  6869 | D:9      | Noticed a centaur warrior
  6869 | D:9      | Noticed a flayed ghost
  6869 | D:9      | Noticed an orc knight
  6871 | D:9      | Noticed an orc knight
  6871 | D:9      | Noticed a deep elf archer
  6871 | D:9      | Noticed a six-headed hydra
  6936 | D:9      | Received a gift from Okawaru
  7416 | D:10     | Entered Level 10 of the Dungeon
  7481 | D:10     | Reached **** piety under Okawaru
  7574 | D:10     | Reached XP level 11. HP: 77/83 MP: 13/22
  8231 | D:10     | Noticed a two-headed ogre
  8242 | D:10     | Killed a two-headed ogre
  8242 | D:10     | Reached ***** piety under Okawaru
  8242 | D:10     | Reached skill level 5 in Conjurations
  8242 | D:10     | Reached skill level 5 in Hexes
  8242 | D:10     | Reached skill level 5 in Summonings
  8242 | D:10     | Reached skill level 5 in Necromancy
  8242 | D:10     | Reached skill level 5 in Translocations
  8242 | D:10     | Reached skill level 5 in Transmutations
  8242 | D:10     | Reached skill level 5 in Fire Magic
  8242 | D:10     | Reached skill level 5 in Ice Magic
  8242 | D:10     | Reached skill level 5 in Air Magic
  8242 | D:10     | Reached skill level 5 in Earth Magic
  8242 | D:10     | Reached skill level 5 in Poison Magic
  8680 | D:11     | Found a basalt altar of Yredelemnul.
  8771 | D:11     | Noticed a white ugly thing
  8781 | D:11     | Killed a white ugly thing
  8880 | D:11     | Received a gift from Okawaru
  8963 | D:11     | Found a staircase to the Lair.
  9295 | D:11     | Received a gift from Okawaru
  9897 | D:12     | Reached skill level 7 in Invocations
  9917 | D:12     | Noticed a seven-headed hydra
 10104 | D:12     | Noticed a purple ugly thing
 10106 | D:12     | Noticed a cyclops
 10107 | D:12     | Noticed a two-headed ogre
 10121 | D:12     | Killed a purple ugly thing
 10125 | D:12     | Killed a two-headed ogre
 10144 | D:12     | Killed a cyclops
 10303 | D:12     | Found Muitupp's General Store.
 10319 | D:12     | Bought a scroll of identify for 28 gold pieces
 10339 | D:12     | Noticed a cyclops
 10344 | D:12     | Killed a cyclops
 10344 | D:12     | Reached XP level 12. HP: 73/92 MP: 18/24
 10370 | D:12     | Noticed a two-headed ogre
 10397 | D:12     | Killed a seven-headed hydra
 10397 | D:12     | Received a gift from Okawaru
 11292 | D:12     | Killed a two-headed ogre
 11297 | D:12     | Learned a level 3 spell: Mephitic Cloud
 11307 | D:12     | Learned a level 6 spell: Freezing Cloud
 11543 | Lair:1   | Entered Level 1 of the Lair of Beasts
 11785 | Lair:1   | Noticed Nergalle
 12014 | Orc:1    | Entered Level 1 of the Orcish Mines
 12155 | Orc:2    | Entered Level 2 of the Orcish Mines
 12163 | Orc:2    | Noticed Nessos
 12448 | Lair:1   | Killed Nergalle
 12448 | Lair:1   | Reached skill level 8 in Invocations
 12891 | Lair:2   | Noticed Urug
 12912 | Lair:2   | Killed Urug
 12912 | Lair:2   | Received a gift from Okawaru
 12913 | Lair:2   | Got an ancient scimitar {god gift}
 13016 | Lair:2   | Identified the +8 scimitar of Plague {flame, Dex+3 Stlth+}
                  | (Okawaru gifted it to you on level 2 of the Lair of Beasts)
 13195 | Lair:2   | Noticed a five-headed hydra
 13204 | Lair:2   | Killed a one-headed hydra
 14146 | Lair:3   | Reached XP level 13. HP: 85/100 MP: 15/26
 14404 | Lair:3   | Noticed Gastronok
 14421 | Lair:3   | Killed Gastronok
 14421 | Lair:3   | Received a gift from Okawaru
 14653 | Lair:3   | Found a staircase to the Swamp.
 14668 | Lair:3   | Received a gift from Okawaru
 15321 | Lair:4   | Found a hole to the Spider Nest.
 15357 | Lair:4   | Reached ****** piety under Okawaru
 15582 | Lair:4   | Reached skill level 9 in Invocations
 15946 | Lair:5   | Noticed Josephine
 15955 | Lair:5   | Received a gift from Okawaru
 15967 | Lair:5   | Killed Josephine
 16096 | Lair:5   | Found a staircase to the Slime Pits.
 16701 | Lair:5   | Received a gift from Okawaru
 16708 | Lair:5   | Reached skill level 10 in Spellcasting
 16711 | Lair:5   | Got a pair of warped gloves {god gift}
 16718 | Lair:5   | Identified the +2 pair of gloves of Dishonour {+Inv MR+
                  | Dex+3} (Okawaru gifted it to you on level 5 of the Lair of
                  | Beasts)
 16862 | Lair:5   | Reached XP level 14. HP: 108/108 MP: 28/28
 16868 | Lair:5   | Learned a level 3 spell: Call Canine Familiar
 17135 | Lair:6   | Entered Level 6 of the Lair of Beasts
 17209 | Lair:6   | Noticed Phong's ghost (journeyman OpSu)
 17539 | Lair:6   | Found a runed gate.
 17539 | Lair:6   | Found a runed gate.
 17539 | Lair:6   | Found a runed gate.
 17610 | Lair:6   | Reached skill level 10 in Fighting
 17610 | Lair:6   | Reached skill level 10 in Polearms
 17610 | Lair:6   | Reached skill level 10 in Dodging
 18045 | Lair:6   | Noticed a dire elephant
 18058 | Lair:6   | Killed a dire elephant
 18066 | Lair:6   | Noticed a dire elephant
 18066 | Lair:6   | Noticed a dire elephant
 18078 | Lair:6   | Killed a dire elephant
 18081 | Lair:6   | Killed a dire elephant
 18376 | Lair:6   | Noticed a dire elephant
 18386 | Lair:6   | Killed a dire elephant
 19505 | D:13     | Received a gift from Okawaru
 19505 | D:13     | Reached skill level 10 in Invocations
 21203 | D:14     | Reached XP level 15. HP: 101/117 MP: 22/29
 21364 | D:14     | Reached skill level 10 in Armour
 21409 | D:14     | Received a gift from Okawaru
 21446 | D:14     | Found a gate to the Vaults.
 21700 | D:14     | Identified Roxanne's Incunabulum of Changing
 21700 | D:14     | Noticed Roxanne
 22197 | D:15     | Entered Level 15 of the Dungeon
 22239 | D:15     | Reached skill level 10 in Charms
 22294 | D:15     | Found a staircase to the Depths.
 22294 | D:15     | Noticed an emperor scorpion
 22324 | D:15     | Killed an emperor scorpion
 22412 | D:15     | Reached skill level 10 in Short Blades
 22412 | D:15     | Reached skill level 10 in Long Blades
 22412 | D:15     | Reached skill level 10 in Axes
 22412 | D:15     | Reached skill level 10 in Maces & Flails
 22412 | D:15     | Reached skill level 10 in Staves
 22412 | D:15     | Reached skill level 10 in Slings
 22412 | D:15     | Reached skill level 10 in Bows
 22412 | D:15     | Reached skill level 10 in Crossbows
 22412 | D:15     | Reached skill level 10 in Throwing
 22412 | D:15     | Reached skill level 10 in Stealth
 22412 | D:15     | Reached skill level 10 in Shields
 22412 | D:15     | Reached skill level 10 in Unarmed Combat
 22412 | D:15     | Reached skill level 10 in Evocations
 22871 | D:9      | Reached skill level 11 in Invocations
 22875 | D:9      | Received a gift from Okawaru
 22890 | D:9      | Got a clouded steel ring
 22904 | D:9      | Identified the ring "Tinwa" {Dex+4 Stlth-} (You found it on
                  | level 9 of the Dungeon)
 23141 | D:15     | Received a gift from Okawaru
 23157 | D:15     | Identified a +1 pair of boots of running (Okawaru gifted it
                  | to you on level 15 of the Dungeon)
 23850 | Swamp:1  | Entered Level 1 of the Swamp
 23914 | Swamp:1  | Reached XP level 16. HP: 123/125 MP: 24/31
 25013 | Swamp:2  | Noticed Kirke
 25013 | Swamp:2  | Noticed a tentacled monstrosity
 25159 | Spider:1 | Entered Level 1 of the Spider Nest
 25314 | Spider:1 | Received a gift from Okawaru
 26046 | Spider:1 | Identified 2 scrolls of acquirement
 26365 | Swamp:2  | Killed Kirke
 26387 | Swamp:2  | Killed a tentacled monstrosity
 26855 | Swamp:2  | Received a gift from Okawaru
 27384 | Swamp:3  | Received a gift from Okawaru
 27814 | Swamp:3  | Reached XP level 17. HP: 123/133 MP: 26/33
 27829 | Swamp:3  | Received a gift from Okawaru
 28341 | Swamp:4  | Entered Level 4 of the Swamp
 28343 | Swamp:4  | Reached skill level 12 in Invocations
 28406 | Swamp:4  | Received a gift from Okawaru
 28409 | Swamp:4  | Got a shimmering scimitar {god gift}
 28410 | Swamp:4  | Identified the +1 scimitar of the Stoat {slice, +Inv}
                  | (Okawaru gifted it to you on level 4 of the Swamp)
 28547 | Swamp:4  | Noticed the 27-headed Lernaean hydra
 28555 | Swamp:4  | Killed the 20-headed Lernaean hydra
 28580 | Swamp:4  | Received a gift from Okawaru
 28723 | Swamp:4  | Received a gift from Okawaru
 29204 | Swamp:4  | Received a gift from Okawaru
 29332 | Swamp:4  | Got a decaying rune of Zot
 29873 | Depths:1 | Entered Level 1 of the Depths
 29961 | Depths:1 | Noticed a lich
 30555 | Spider:2 | Noticed Louise
 30666 | Spider:2 | Killed Louise
 30684 | Spider:2 | Noticed Arachne
 30781 | Spider:2 | Killed Arachne
 30787 | Spider:2 | Received a gift from Okawaru
 31468 | Spider:3 | Reached skill level 10 in Conjurations
 31468 | Spider:3 | Reached skill level 10 in Hexes
 31468 | Spider:3 | Reached skill level 10 in Summonings
 31468 | Spider:3 | Reached skill level 10 in Necromancy
 31468 | Spider:3 | Reached skill level 10 in Translocations
 31468 | Spider:3 | Reached skill level 10 in Transmutations
 31468 | Spider:3 | Reached skill level 10 in Fire Magic
 31468 | Spider:3 | Reached skill level 10 in Ice Magic
 31468 | Spider:3 | Reached skill level 10 in Air Magic
 31468 | Spider:3 | Reached skill level 10 in Earth Magic
 31468 | Spider:3 | Reached skill level 10 in Poison Magic
 31551 | Spider:3 | Got a smoking shield
 31568 | Spider:3 | Learned a level 6 spell: Deflect Missiles
 31568 | Spider:3 | Identified the cursed +0 shield "Jeot Joh" {Int+3} (You
                  | found it on level 3 of the Spider Nest)
 31621 | Spider:3 | Reached XP level 18. HP: 141/141 MP: 34/34
 32186 | Spider:4 | Entered Level 4 of the Spider Nest
 32568 | Vaults:1 | Entered Level 1 of the Vaults
 32568 | Vaults:1 | Noticed Saint Roka
 32589 | D:14     | Killed Saint Roka
 32876 | Vaults:1 | Received a gift from Okawaru
 33245 | Vaults:1 | Reached skill level 13 in Invocations
 34298 | Vaults:1 | Received a gift from Okawaru
 34552 | Vaults:1 | Received a gift from Okawaru
 34875 | Vaults:2 | Reached XP level 19. HP: 147/149 MP: 31/36
 34891 | Vaults:2 | Received a gift from Okawaru
 34907 | Vaults:2 | Got an encrusted crystal plate armour {god gift}
 34908 | Vaults:2 | Identified the +0 crystal plate armour of Arraekell {rF+
                  | rC- MR+} (Okawaru gifted it to you on level 2 of the
                  | Vaults)
 35079 | Vaults:2 | Found Joiwader's Antique Armour Boutique.
 36234 | Vaults:2 | Received a gift from Okawaru
 36787 | Vaults:3 | Noticed Xtahua
 36802 | Vaults:3 | Killed Xtahua
 37232 | Vaults:3 | Found Panworch's Gadget Shoppe.
 37634 | Vaults:3 | Reached XP level 20. HP: 148/157 MP: 34/37
 37736 | Vaults:3 | Reached skill level 14 in Invocations
 37746 | Vaults:3 | Received a gift from Okawaru
 37848 | Vaults:3 | Found a staircase to the Crypt.
 37848 | Vaults:3 | Found an ancient bone altar of Kikubaaqudgha.
 37981 | Vaults:3 | Noticed a Brimstone Fiend
 37994 | Vaults:3 | Noticed a Brimstone Fiend
 38161 | Vaults:3 | Noticed Frederick
 38174 | Vaults:3 | Killed Frederick
 38174 | Vaults:3 | Received a gift from Okawaru
 38200 | Vaults:3 | Noticed Boris
 38231 | Vaults:3 | Killed Boris
 38563 | Vaults:3 | Received a gift from Okawaru
 38669 | Vaults:3 | Found a basalt altar of Yredelemnul.
 38768 | Vaults:4 | Found a flickering gateway to a bazaar.
 38805 | Bazaar   | Entered a bazaar
 38805 | Bazaar   | Found Qexutrux's Weapon Shoppe.
 38805 | Bazaar   | Found Izi Nyn's Weapon Emporium.
 39014 | Vaults:4 | Received a gift from Okawaru
 39854 | Vaults:4 | Received a gift from Okawaru
 39974 | Vaults:4 | Received a gift from Okawaru
 40005 | Vaults:4 | Got a pair of heavily runed gloves {god gift}
 40006 | Vaults:4 | Identified the +1 pair of gloves of Dice, Bag, and Bottle
                  | {MR- Int+5} (Okawaru gifted it to you on level 4 of the
                  | Vaults)
 40249 | Vaults:4 | Reached XP level 21. HP: 156/165 MP: 29/39
 41473 | D:12     | Bought a +1 helmet of see invisible for 231 gold pieces
 43211 | Spider:4 | Got a gossamer rune of Zot
 44149 | Depths:1 | Received a gift from Okawaru
 44463 | Depths:1 | Reached skill level 15 in Invocations
 44530 | Depths:1 | You fall through a shaft!
 44530 | Depths:2 | Found Ydyph's Weapon Emporium.
 44711 | Depths:2 | Received a gift from Okawaru
 44716 | Depths:2 | Got a pitted scimitar {god gift}
 44717 | Depths:2 | Identified the +8 scimitar of Massacring {flame, Str+2}
                  | (Okawaru gifted it to you on level 2 of the Depths)
 44796 | Depths:2 | Found a one-way gate to the infinite horrors of the Abyss.
 44821 | Depths:2 | Found a magical portal.
 44918 | WizLab   | Entered The Chambers of the Cloud Mage
 45404 | WizLab   | Paralysed by you for 3 turns
 45782 | WizLab   | Reached XP level 22. HP: 141/173 MP: 27/40
 45979 | WizLab   | Identified the Volume of Feathers
 46002 | WizLab   | Got a smoking golden ring
 46003 | WizLab   | Identified the ring of Elyvilon's Wrath {+Fly rN+ Slay+2}
                  | (You found it in a wizard's laboratory)
 46008 | WizLab   | Got a steaming war axe
 46009 | WizLab   | Identified the cursed +1 war axe "Wooruan" {freeze, *Drain
                  | rPois MR+} (You found it in a wizard's laboratory)
 46600 | Depths:2 | Found a shimmering altar of Xom.
 46600 | Depths:2 | Identified the +6 glaive "Akemouci" {chop, Stlth+}
 46659 | Depths:2 | Received a gift from Okawaru
 46758 | Depths:2 | Noticed a caustic shrike
 46770 | Depths:2 | Killed a caustic shrike
 47177 | Depths:2 | Reached skill level 15 in Spellcasting
 47221 | Depths:2 | Got a transparent helmet
 47222 | Depths:2 | Identified the +2 helmet "Ohuceez" {rElec rC+ rCorr} (You
                  | found it on level 2 of the Depths)
 47492 | Depths:1 | Found a gateway to Hell.
 48348 | Depths:2 | You fall through a shaft!
 48459 | Depths:3 | Reached skill level 15 in Fighting
 48459 | Depths:3 | Reached skill level 15 in Polearms
 48459 | Depths:3 | Reached skill level 15 in Dodging
 48466 | Depths:3 | Received a gift from Okawaru
 48765 | Depths:3 | Noticed a golden dragon
 48811 | Depths:3 | Killed a golden dragon
 48980 | Depths:3 | Received a gift from Okawaru
 49918 | Depths:3 | Found Ejuhey Maer's Book Emporium.
 49959 | Depths:3 | Found Acsint's Magic Scroll Shoppe.
 50229 | Depths:3 | Received a gift from Okawaru
 50472 | Depths:3 | Reached XP level 23. HP: 156/181 MP: 3/42
 51253 | Depths:3 | Noticed a caustic shrike
 51294 | Depths:3 | Killed a caustic shrike
 51307 | Depths:3 | Reached skill level 15 in Armour
 51584 | Depths:3 | Identified Zuczuuneu's Incunabulum of the Escort
 51687 | Depths:3 | Reached skill level 16 in Invocations
 51705 | Depths:3 | Upgraded the game from 0.23-a0-681-g26ad783 to
                  | 0.23-a0-690-g0a1fc62
 51796 | Depths:3 | Got a pair of faintly humming gloves
 51797 | Depths:3 | Identified the +0 pair of gloves of Waeshroenn {rPois rN+}
                  | (You acquired it on level 3 of the Depths)
 52094 | Depths:3 | Found a one-way gate leading to the halls of Pandemonium.
 52097 | Depths:3 | Gained mutation: You are weak. (Str -2) [a neqoxec]
 52560 | Depths:3 | Got a brightly glowing plate armour
 52561 | Depths:3 | Identified the +8 plate armour of the Game of Life {+Fly
                  | Int+2 Slay-2} (You found it on level 3 of the Depths)
 53196 | Orc:2    | Killed Nessos
 53305 | Orc:2    | Reached skill level 15 in Short Blades
 53305 | Orc:2    | Reached skill level 15 in Long Blades
 53305 | Orc:2    | Reached skill level 15 in Axes
 53305 | Orc:2    | Reached skill level 15 in Maces & Flails
 53305 | Orc:2    | Reached skill level 15 in Staves
 53305 | Orc:2    | Reached skill level 15 in Slings
 53305 | Orc:2    | Reached skill level 15 in Bows
 53305 | Orc:2    | Reached skill level 15 in Crossbows
 53305 | Orc:2    | Reached skill level 15 in Throwing
 53305 | Orc:2    | Reached skill level 15 in Stealth
 53305 | Orc:2    | Reached skill level 15 in Shields
 53305 | Orc:2    | Reached skill level 15 in Unarmed Combat
 53305 | Orc:2    | Reached skill level 15 in Evocations
 53406 | Orc:2    | Found a staircase to the Elven Halls.
 53629 | Orc:2    | Found a roughly hewn altar of Beogh.
 53893 | Orc:2    | Found Tukohyteo's Distillery.
 53937 | Orc:2    | Bought a potion of heal wounds for 70 gold pieces
 53941 | Orc:2    | Found Axzec's Antique Armour Emporium.
 53959 | Orc:2    | Bought a smoking chain mail for 209 gold pieces
 53959 | Orc:2    | Bought a pitted leather armour for 154 gold pieces
 53959 | Orc:2    | Identified the +1 chain mail "Ighoer" {+Blink rC+} (You
                  | bought it in a shop on level 2 of the Orcish Mines)
 53960 | Orc:2    | Identified the cursed +1 leather armour of Dithmenos's
                  | Reproof {+Blink rPois rC- Slay-4} (You bought it in a shop
                  | on level 2 of the Orcish Mines)
 54010 | Orc:2    | Found Jilon's Armour Emporium.
 54028 | Orc:2    | Found Pisheuza's Magic Scroll Shop.
 54031 | Orc:2    | Received a gift from Okawaru
 54059 | Orc:2    | Got a transparent dagger {god gift}
 54060 | Orc:2    | Identified the +7 dagger of Kibul {pierce, rF+ rN++ Int-5}
                  | (Okawaru gifted it to you on level 2 of the Orcish Mines)
 54416 | Orc:1    | Found a runed gate.
 54417 | Orc:1    | Found a runed gate.
 54417 | Orc:1    | Found an opulent altar of Gozag.
 54419 | Orc:1    | Found a runed gate.
 54427 | Orc:1    | Found Naihao's Assorted Antiques.
 54430 | Orc:1    | Noticed ThereIsNoGod's ghost (journeyman DDFi)
 54457 | Orc:1    | Killed ThereIsNoGod's ghost
 54633 | Elf:1    | Entered Level 1 of the Elven Halls
 55032 | Elf:1    | Noticed Asterion
 55036 | Elf:1    | Killed Asterion
 55068 | Elf:1    | Found a roughly hewn altar of Beogh.
 55581 | Elf:1    | Found Jixtydu's Gadget Boutique.
 55921 | Elf:1    | Received a gift from Okawaru
 56223 | Elf:2    | Reached XP level 24. HP: 189/190 MP: 40/42
 56543 | Elf:2    | Found Lemeqy's General Store.
 56636 | Elf:2    | Found a huge runed gate.
 56636 | Elf:2    | Found a huge runed gate.
 56636 | Elf:2    | Found a huge runed gate.
 56636 | Elf:2    | Found a huge runed gate.
 56636 | Elf:2    | Found a huge runed gate.
 56788 | Elf:2    | Received a gift from Okawaru
 57037 | Elf:2    | Received a gift from Okawaru
 57247 | Elf:2    | Received a gift from Okawaru
 57391 | Elf:3    | Entered Level 3 of the Elven Halls
 57801 | Elf:3    | Received a gift from Okawaru
 58548 | Elf:3    | Learned a level 5 spell: Aura of Abjuration
 58588 | Elf:3    | Got a scorched war axe
 58589 | Elf:3    | Identified the +8 war axe "Byocs" {holy, *Slow +Rage Dex+2}
                  | (You found it on level 3 of the Elven Halls)
 58608 | Elf:3    | Identified the +7 rapier "Bon Eph" {pierce, *Drain rPois
                  | rC+++ SInv}
 58781 | Elf:3    | Identified the +3 hand axe "Qilufy" {chop, SInv}
 58781 | Elf:3    | Identified the +4 plate armour of Ismiroqa {*Drain rPois
                  | rC+ Int+4 Stlth+}
 59045 | Elf:3    | Identified the +5 halberd of Virtue {chop, +Blink rC+ Str-2
                  | Dex+4 Stlth+}
 59420 | Elf:3    | Identified the Volume of Ashen Battle Magic
 59425 | Elf:3    | Identified the Papyrus of Congealing Unholy Magic
 59433 | Elf:3    | Learned a level 5 spell: Dispel Undead
 59482 | Elf:3    | Found the +3 giant club "Skullcrusher" {speed, Str+7}
 59563 | Elf:3    | Received a gift from Okawaru
 59570 | Elf:3    | Identified the ring "Lidadom" {*Slow rN+ MR+ Int+4}
 60401 | Depths:4 | Received a gift from Okawaru
 60960 | Depths:4 | Reached skill level 17 in Invocations
 61006 | Depths:4 | Identified Kuisiqo's Disquisition on Dislocated Necromancy
 61045 | Depths:4 | Identified the Almanac of the Assistive Entourage
 61580 | Depths:4 | Reached XP level 25. HP: 167/197 MP: 30/43
 61663 | Depths:4 | Received a gift from Okawaru
 61929 | Depths:4 | Noticed a juggernaut
 61985 | Depths:4 | Killed a juggernaut
 62142 | Depths:4 | Identified the Catalogue of Cloudy Displacement
 62205 | Depths:4 | Noticed Sojobo
 62649 | Depths:4 | Killed Sojobo
 62675 | Depths:4 | Received a gift from Okawaru
 62719 | Depths:4 | Found a gateway to a ziggurat.
 62903 | Depths:5 | Entered Level 5 of the Depths
 63923 | Depths:5 | Noticed a juggernaut
 64245 | Depths:5 | Noticed a juggernaut
 64301 | Depths:5 | Killed a juggernaut
 64766 | Depths:5 | Found a gate to the Realm of Zot.
 65389 | Crypt:1  | Entered Level 1 of the Crypt
 66053 | Crypt:1  | Got a pitted broad axe
 66054 | Crypt:1  | Identified the cursed +1 broad axe of Bloodstone {chop,
                  | Str-3 Int+6 Dex+3} (You found it on level 1 of the Crypt)
 66103 | Crypt:1  | Received a gift from Okawaru
 66298 | Crypt:1  | Reached XP level 26. HP: 163/207 MP: 19/43
 66564 | Crypt:1  | Received a gift from Okawaru
 66652 | Crypt:2  | Noticed Mennas
 66701 | Crypt:2  | Killed Mennas
 66701 | Crypt:2  | Reached skill level 15 in Charms
 66972 | Crypt:2  | Noticed Margery
 67011 | Crypt:2  | Killed Margery
 67264 | Crypt:2  | Received a gift from Okawaru
 67456 | Crypt:2  | Noticed Jory
 67839 | Depths:3 | Bought a scroll of enchant weapon for 75 gold pieces
 67839 | Depths:3 | Bought a scroll of blinking for 75 gold pieces
 68043 | Orc:2    | Bought a scroll of enchant weapon for 105 gold pieces
 68479 | Crypt:2  | Killed Jory
 68479 | Crypt:2  | Received a gift from Okawaru
 68693 | Crypt:3  | Entered Level 3 of the Crypt
 68823 | Crypt:3  | Reached skill level 18 in Invocations
 68927 | Crypt:3  | Found a staircase to the Tomb.
 69676 | Crypt:3  | Found an ancient bone altar of Kikubaaqudgha.
 69801 | Crypt:3  | Identified the Almanac of Necromancy
 69809 | Crypt:3  | Learned a level 5 spell: Borgnjor's Vile Clutch
 70293 | Crypt:3  | Got a vibrating lead ring
 70330 | Crypt:3  | Identified the cursed ring "Niciotaa" {MR++ Str+2 Slay-4}
                  | (You found it on level 3 of the Crypt)
 70731 | Hell     | Entered the Vestibule of Hell
 70731 | Hell     | Noticed Geryon
 70767 | Hell     | Killed Geryon
 70767 | Hell     | Received a gift from Okawaru
 70800 | Hell     | Reached XP level 27. HP: 174/215 MP: 27/44
 70872 | Hell     | Found a gateway to the Iron City of Dis.
 70918 | Hell     | Found a gateway to the ashen valley of Gehenna.
 71055 | Hell     | Found a gateway to the decaying netherworld of Tartarus.
 71154 | Hell     | Found a gateway to the freezing wastes of Cocytus.
 71604 | Vaults:5 | Entered Level 5 of the Vaults
 71759 | Vaults:5 | Received a gift from Okawaru
 71899 | Vaults:5 | Received a gift from Okawaru
 72176 | Vaults:5 | Identified the cursed +0 leather armour "Egejig" {rF+} (You
                  | found it on level 5 of the Vaults)
 72196 | Vaults:5 | Found Misoyhuv's Jewellery Boutique.
 72230 | Vaults:5 | Identified the amulet of Makhleb's Condemnation {-Tele
                  | +Rage +Fly rElec rPois}
 72561 | Vaults:5 | Reached skill level 15 in Conjurations
 72561 | Vaults:5 | Reached skill level 15 in Hexes
 72561 | Vaults:5 | Reached skill level 15 in Summonings
 72561 | Vaults:5 | Reached skill level 15 in Necromancy
 72561 | Vaults:5 | Reached skill level 15 in Translocations
 72561 | Vaults:5 | Reached skill level 15 in Transmutations
 72561 | Vaults:5 | Reached skill level 15 in Fire Magic
 72561 | Vaults:5 | Reached skill level 15 in Ice Magic
 72561 | Vaults:5 | Reached skill level 15 in Air Magic
 72561 | Vaults:5 | Reached skill level 15 in Earth Magic
 72561 | Vaults:5 | Reached skill level 15 in Poison Magic
 72586 | Vaults:5 | Noticed Mara
 72590 | Vaults:5 | Noticed gruber's illusion
 72784 | Vaults:5 | Received a gift from Okawaru
 72883 | Vaults:5 | Killed Mara
 73031 | Vaults:5 | Received a gift from Okawaru
 73419 | Vaults:5 | Received a gift from Okawaru
 73472 | Vaults:5 | Identified the Handbook of the Fetching Traveller
 73480 | Vaults:5 | Noticed an ancient lich
 73599 | Vaults:5 | Noticed an ancient lich
 73606 | Vaults:5 | Killed an ancient lich
 73674 | Vaults:5 | Reached skill level 19 in Invocations
 73832 | Vaults:5 | Got a silver rune of Zot
 73931 | Vaults:5 | Received a gift from Okawaru
 73955 | Vaults:5 | Identified Gousch's Incunabulum of the Compass
 74047 | Vaults:5 | Killed an ancient lich
 74722 | Zot:1    | Entered Level 1 of the Realm of Zot
 75805 | Vaults:2 | Bought a glowing large shield for 232 gold pieces
 76403 | Depths:3 | Bought a scroll of enchant armour for 75 gold pieces
 76493 | D:14     | Killed Roxanne
 76496 | D:14     | Got a pitted leather armour
 76497 | D:14     | Identified the cursed +0 leather armour of the Present {rF+
                  | rN++} (You found it on level 14 of the Dungeon)
 76664 | Orc:2    | Bought an ichor-stained plate armour for 616 gold pieces
 76664 | Orc:2    | Identified the +1 plate armour of Temac {+Blink} (You
                  | bought it in a shop on level 2 of the Orcish Mines)
 77093 | Zot:1    | Found a transporter.
 77155 | Zot:1    | Found a transporter.
 77156 | Zot:1    | Found the +0 mask of the Dragon {MR+ Slay+3 SInv}
 77981 | Zot:2    | Received a gift from Okawaru
 78240 | Zot:2    | Received a gift from Okawaru
 78261 | Zot:2    | Got a polished chain mail {god gift}
 78262 | Zot:2    | Identified the +2 chain mail "Jegou" {Dex+5} (Okawaru
                  | gifted it to you on level 2 of the Realm of Zot)
 78522 | Zot:2    | Cast into level 5 of the Abyss (the power of Zot)
 78522 | Abyss:5  | Entered Level 5 of the Abyss
 78838 | Zot:2    | Escaped the Abyss
 78906 | Zot:2    | Identified the +11 spear of the Undead {flame, Int+3}
 79522 | Zot:2    | Got a clouded golden amulet
 79523 | Zot:2    | Identified the amulet "Minniur" {Reflect +Inv Int+4 Dex+4
                  | SH+5} (You found it on level 2 of the Realm of Zot)
 79675 | Zot:2    | Got a bloodstained large shield
 79676 | Zot:2    | Identified the +5 large shield "Zobliaro" {-Cast rPois
                  | rC+++ Dex-5} (You found it on level 2 of the Realm of Zot)
 79854 | Zot:3    | Received a gift from Okawaru
 79902 | Zot:3    | Noticed an orb of fire
 79906 | Zot:3    | Gained mutation: Your body sometimes deteriorates upon
                  | taking damage. [an orb of fire]
 79919 | Zot:3    | Gained mutation: Armour fits poorly on your strangely
                  | shaped body. [an orb of fire]
 79926 | Zot:3    | Killed an orb of fire
 79926 | Zot:3    | Received a gift from Okawaru
 80508 | Zot:3    | Received a gift from Okawaru
 81398 | Zot:4    | Received a gift from Okawaru
 81669 | Zot:4    | Received a gift from Okawaru
 81978 | Zot:4    | Reached skill level 20 in Invocations
 82394 | Zot:5    | Entered Level 5 of the Realm of Zot
 82656 | Zot:5    | Found a large runed door.
 82657 | Zot:5    | Found a large runed door.
 82658 | Zot:5    | Noticed Azzok's ghost (legendary DDFi)
 82736 | Zot:5    | Killed Azzok's ghost
 82736 | Zot:5    | Received a gift from Okawaru
 82739 | Zot:5    | Got a pair of bloodstained boots {god gift}
 82740 | Zot:5    | Identified the +1 pair of boots of Zoitar {-Tele rN+++
                  | rCorr Int-5} (Okawaru gifted it to you on level 5 of the
                  | Realm of Zot)
 83007 | Zot:5    | Upgraded the game from 0.23-a0-690-g0a1fc62 to
                  | 0.23-a0-844-gdc03e01
 83688 | Dis:1    | Entered Level 1 of the Iron City of Dis
 84222 | D:4      | Fell from the grace of Okawaru
 84222 | D:4      | Became a worshipper of the Shining One
 84269 | D:5      | Killed Prince Ribbit
 84708 | Dis:1    | Reached * piety under the Shining One
 84819 | Dis:1    | Reached ** piety under the Shining One
 84919 | Dis:1    | Reached *** piety under the Shining One
 85064 | Dis:1    | Reached **** piety under the Shining One
 85269 | Dis:1    | Reached ***** piety under the Shining One
 86959 | Dis:2    | HP: 3/220 [eldritch tentacle[the effects of Hell] (15)]
 86959 | Dis:2    | The Shining One protects you from harm!
 86960 | Dis:2    | The Shining One protects you from harm!
 86960 | Dis:2    | Mangled by an eldritch tentacle

Vault maps used:
D:1:      tarquinn_simple_flora_water_e
D:2:      serial_glass, glass_columns_c, glass_columns_a, glass_columns_b,
          glass_columns_c, glass_columns_b, glass_columns_a, glass_columns_a,
          glass_columns_b, glass_columns_a, glass_columns_c, glass_columns_a,
          uniq_jessica, uniq_terence
D:3:      fedhas_ov_isle_minmay, first_ration
D:4:      kennysheep_mini, uniq_duvessa
D:5:      nicolae_overflow_hidden_temple, vehumet_statue, uniq_grinder
D:6:      ashenzari_conservatory_becter, grunt_temple_overflow_open,
          lemuel_round_altar, minmay_temple_entry_tees, uniq_prince_ribbit1
D:7:      kiku_gazebo_garden_becter
D:8:      lemuel_mausoleum_altar_yredelemnul, uniq_pikel, uniq_erica
D:9:      minmay_gate_of_8, lemuel_round_altar, nicolae_overflow_crystal_walls,
          orc_david_3, hangedman_little_slice_of_home
D:10:     enter_bailey_7
D:11:     erik_lair_dragon, basic_altar, kennysheep_potato
D:12:     serial_shops, shop, water_boxes_lemuel
D:13:     portal_ice_cave_entry_ice_beasts, hangedman_cracks_in_the_wall
D:14:     erik_vaults_1, nicolae_sextant, uniq_roxanne
D:15:     hangedman_depths_entry_try_elsewhere_first, minivault_4
Temple:   compressed_dpeg_triangle_lava_temple
Lair:1:   uniq_nergalle
Lair:2:   serial_bayou_shore_a, uniq_urug
Lair:3:   swamp_mist_pool, worms_lemuel, uniq_gastronok
Lair:4:   spider_nest_entry_a, hangedman_lair_unloving_vines,
          infiniplex_staircase_pool
Lair:5:   slime_dummy, special_room, grunt_megastairs_2, uniq_josephine
Lair:6:   due_jungle_book, gammafunk_ghost_split, lemuel_fruit_tree,
          infiniplex_staircase_pool_2
Swamp:1:  evilmike_swamp_ruin_rubble_1, swamp_pool3
Swamp:2:  evilmike_swamp_ruin_rubble_2, uniq_kirke
Swamp:3:  hangedman_swamp_diagram, swamp_pool4
Swamp:4:  swamp_old_school, swamp_pool2, hangedman_swamp_lotus
Spider:1: guppyfry_spider_mini_2
Spider:2: uniq_louise, uniq_arachne
Spider:4: spider_rune_water
Orc:1:    ebering_ghost_gozag
Orc:2:    st_orc_town, uniq_nessos
Elf:1:    eino_elf_arrival_the_gate, special_room, serial_shops, shop,
          evilmike_minifort, uniq_asterion
Elf:2:    serial_shops, shop, guppyfry_library_mini, basic_stair_grate_trap
Elf:3:    minmay_elf_hall_quartered_circle, nicolae_elf_m_pinch
Vaults:1: vaults_dpeg_cross, v_rooms_4, nicolae_vaults_display_case,
          grunt_vaults_twisty, nicolae_vaults_theta, hangedman_vaults_snaps,
          v_alt_pattern_6, v_alt_pattern_3, nicolae_vaults_border_crossing,
          v_misc_28, uniq_saint_roka
Vaults:2: v_alt_pattern_4, vaults_room_door_ring, v_misc_30, serial_ice_g,
          hangedman_vaults_slice, hangedman_vaults_hat, hangedman_vaults_corner,
          nicolae_vaults_little_squares_1, nicolae_vaults_murderbox,
          vaults_room_corners, v_misc_16, ontoclasm_vaults_pinch,
          vaults_dpeg_ring, vaults_room_stairs_pillars, v_misc_3,
          vaults_room_semicircle, serial_shops, shop_fountains
Vaults:3: hangedman_vaults_trim, minmay_crypt_entry_necro_gods,
          nicolae_vaults_little_squares_4, v_misc_2, v_misc_2, v_misc_26,
          nicolae_vaults_ring_of_whatevers, v_misc_29,
          nicolae_vaults_specimen_jars, nicolae_vaults_gold_heap, serial_shops,
          nicolae_shop_crystal, uniq_xtahua, uniq_frederick, uniq_boris
Vaults:4: vaults_mumra_lcd, nicolae_vaults_statue_guard, grunt_vaults_funnel,
          hangedman_vaults_pinch, nicolae_vaults_big_angled_halls,
          nicolae_vaults_network_periphery, v_misc_27, v_misc_2, v_misc_4,
          v_misc_25, serial_shops, bzr_entry_lakeside
Vaults:5: serial_shops, uniq_mara
Crypt:2:  uniq_margery, uniq_mennas, uniq_jory
Crypt:3:  church_of_pain_bobbens, nicolae_tomb_entry_unfolded_pyramid_orthogonal
Depths:1: hangedman_coc_ice_floe, chequers_jeans, patterned_corridor
Depths:2: minmay_the_grid_square_5x5_4x4_mashed, serial_shops, shop, hell_entry,
          mu_enter_wizlab_2, abyss_entry_small_statue_room,
          minmay_misc_feat_nine_boxes
Depths:3: kennysheep_large_vault, rand_demon_pan_entry_8, hell_entry,
          abyss_entry, minmay_shoptagon, minmay_staircase_bubble
Depths:4: minmay_box_of_curves, enter_ziggurat_c, marbit_kobold_abyss_entry,
          hangedman_tar_grid_catacomb, uniq_sojobo
Depths:5: evilmike_zot_entry_round, kennysheep_crisscross, hell_entry,
          serial_bayou_shore_b, infiniplex_staircase_pool_lava
Zot:1:    chequers_guarded_unrand_mask_of_the_dragon
Zot:2:    st_small_dragon_hoard_2
Zot:3:    lemuel_flame_loot_1
Zot:4:    nicolae_zot_stationary_front, grunt_ministairs_13
Zot:5:    ebering_ghost_disaster_area
Abyss:5:  evilmike_abyss_exit_2, bh_silent_lugonu_exit, hangedman_abyss_sting,
          lemuel_flamethrower_2, evilmike_abyss_rune_siren_acolytes
Bazaar:   bazaar_minmay_row
WizLab:   wizlab_cloud

Skill      XL: |  1  2  3  4  5  6  7  8  9 10 11 12 13 14 15 16 17 18 19 20 21 22 23 24 25 26 27 |
---------------+----------------------------------------------------------------------------------+-----
Spellcasting   | 5 6 7 8 9 10 11 12 13 14 15 16 17 19 | 19.4
Invocations    | 1 2 3 4 5 6 7 8 9 10 11 12 13 14 15 16 17 18 20 | 20.4
Short Blades   | 1 2 3 4 5 6 7 8 9 10 11 12 13 14 15 16 19 | 19.0
Long Blades    | 1 2 3 4 5 6 7 8 9 10 11 12 13 14 15 16 19 | 19.0
Axes           | 1 2 3 4 5 6 7 8 9 10 11 12 13 14 15 16 19 | 19.0
Maces & Flails | 1 2 3 4 5 6 7 8 9 10 11 12 13 14 15 16 19 | 19.0
Staves         | 1 2 3 4 5 6 7 8 9 10 11 12 13 14 15 16 19 | 19.0
Slings         | 1 2 3 4 5 6 7 8 9 10 11 12 13 14 15 16 19 | 19.0
Bows           | 1 2 3 4 5 6 7 8 9 10 11 12 13 14 15 16 19 | 19.0
Crossbows      | 1 2 3 4 5 6 7 8 9 10 11 12 13 14 15 16 19 | 19.0
Throwing       | 1 2 3 4 5 6 7 8 9 10 11 12 13 14 15 16 19 | 19.0
Stealth        | 1 2 3 4 5 6 7 8 9 10 11 12 13 14 15 16 19 | 19.0
Shields        | 1 2 3 4 5 6 7 8 9 10 11 12 13 14 15 16 19 | 19.0
Unarmed Combat | 1 2 3 4 5 6 7 8 9 10 11 12 13 14 15 16 19 | 19.0
Evocations     | 1 2 3 4 5 6 7 8 9 10 11 12 13 14 15 16 19 | 19.0
Conjurations   | 1 2 3 4 5 6 7 8 9 10 11 12 13 14 16 | 16.4
Hexes          | 1 2 3 4 5 6 7 8 9 10 11 12 13 14 16 | 16.4
Summonings     | 1 2 3 4 5 6 7 8 9 10 11 12 13 14 16 | 16.4
Necromancy     | 1 2 3 4 5 6 7 8 9 10 11 12 13 14 16 | 16.4
Translocations | 1 2 3 4 5 6 7 8 9 10 11 12 13 14 16 | 16.4
Transmutations | 1 2 3 4 5 6 7 8 9 10 11 12 13 14 16 | 16.4
Fire Magic     | 1 2 3 4 5 6 7 8 9 10 11 12 13 14 16 | 16.4
Ice Magic      | 1 2 3 4 5 6 7 8 9 10 11 12 13 14 16 | 16.4
Air Magic      | 1 2 3 4 5 6 7 8 9 10 11 12 13 14 16 | 16.4
Earth Magic    | 1 2 3 4 5 6 7 8 9 10 11 12 13 14 16 | 16.4
Poison Magic   | 1 2 3 4 5 6 7 8 9 10 11 12 13 14 16 | 16.4
Armour         | 3 4 5 6 7 8 9 10 11 12 13 14 15 16 17 19 | 19.1
Fighting       | 5 6 7 8 9 10 11 12 13 14 15 16 17 19 | 19.4
Polearms       | 5 6 7 8 9 10 11 12 13 14 15 16 17 19 | 19.4
Dodging        | 5 6 7 8 9 10 11 12 13 14 15 16 17 19 | 19.4
Charms         | 6 7 8 9 10 11 12 13 14 15 17 | 17.1

Action                   |  1- 3 |  4- 6 |  7- 9 | 10-12 | 13-15 | 16-18 | 19-21 | 22-24 | 25-27 || total
-------------------------+-------+-------+-------+-------+-------+-------+-------+-------+-------++-------
Melee: Spear             |    79 |   163 |   155 |       |       |       |       |       |       ||   397
       Bite              |     6 |    18 |    33 |    82 |   195 |   175 |   294 |   535 |   687 ||  2025
       Punch             |       |       |     3 |    14 |    48 |       |       |       |       ||    65
       Trident           |       |       |   184 |   726 |       |       |       |       |       ||   910
       Scimitar          |       |       |       |    52 |  1002 |  1166 |  1484 |     9 |       ||  3713
       Quick blade       |       |       |       |       |       |       |       |  3505 |  1941 ||  5446
       Trishula          |       |       |       |       |       |       |       |       |  3263 ||  3263
       Unarmed           |       |       |       |       |       |       |       |       |     3 ||     3
Throw: Javelin           |       |       |       |    17 |    24 |    57 |    31 |    11 |    29 ||   169
 Cast: Infusion          |     5 |     2 |     8 |     9 |     1 |     2 |       |     1 |       ||    28
       Spectral Weapon   |     2 |    14 |    38 |    89 |    58 |   113 |    91 |   151 |   216 ||   772
       Shroud of Golubri |       |     1 |     9 |    17 |    15 |    10 |    12 |    26 |    14 ||   104
       Regeneration      |       |     1 |     6 |    16 |    18 |    23 |    23 |    36 |    34 ||   157
       Call Canine Famil |       |       |       |       |     9 |    41 |    19 |    18 |     6 ||    93
       Freezing Cloud    |       |       |       |       |       |     1 |    20 |    69 |    80 ||   170
       Deflect Missiles  |       |       |       |       |       |     2 |     4 |    11 |    10 ||    27
       Aura of Abjuratio |       |       |       |       |       |       |       |     4 |     2 ||     6
       Dispel Undead     |       |       |       |       |       |       |       |       |    20 ||    20
Invok: Heroism           |       |       |     1 |     8 |    16 |    15 |    15 |    11 |    22 ||    88
       Finesse           |       |       |       |     1 |     2 |     4 |     9 |     4 |    11 ||    31
       Divine Shield     |       |       |       |       |       |       |       |       |     4 ||     4
       Summon Divine War |       |       |       |       |       |       |       |       |     1 ||     1
 Abil: Evoke Flight      |       |       |       |       |       |       |       |     2 |     3 ||     5
Evoke: Wand              |       |       |       |       |       |       |       |     4 |     2 ||     6
  Use: Scroll            |       |       |     8 |     4 |    12 |    16 |     5 |    25 |    32 ||   102
       Potion            |       |       |     1 |     1 |     1 |     1 |       |     6 |    13 ||    23
 Stab: Sleeping          |     2 |     4 |     8 |    28 |    18 |    21 |     7 |    25 |    27 ||   140
       Distracted        |       |     1 |     1 |     4 |    10 |    28 |    43 |    59 |   114 ||   260
       Confused          |       |       |       |       |       |     1 |       |       |       ||     1
  Eat: Chunk             |       |     4 |    10 |    15 |    24 |    23 |    27 |    54 |    31 ||   188
       Ration            |       |       |     1 |     4 |     3 |     5 |     4 |     1 |    17 ||    35
Armor: Leather armour    |    10 |    15 |    54 |   128 |       |       |       |       |       ||   207
       Scale mail        |       |       |       |    28 |   332 |   389 |   276 |   201 |       ||  1226
       Quicksilver drago |       |       |       |       |       |       |       |   234 |   659 ||   893
Dodge: Dodged            |    51 |    73 |   172 |   372 |   615 |   665 |   652 |   878 |  1417 ||  4895
       Deflected         |       |       |       |       |       |     5 |    76 |    78 |    72 ||   231
Block: Buckler           |       |       |       |       |   105 |   268 |       |       |       ||   373
       Shield            |       |       |       |       |       |   211 |   709 |   945 |  1122 ||  2987
       Large shield      |       |       |       |       |       |       |       |       |  1173 ||  1173
       Reflection        |       |       |       |       |       |       |       |       |    29 ||    29
       Rpst.: Scimitar   |       |       |       |     5 |   155 |   144 |   106 |     2 |       ||   412

Table legend:
 A = Non-vault XP
 B = Vault XP
 C = Vault XP percentage of total XP
 D = Non-vault monster count
 E = Vault monster count
 F = Vault count percentage of total count
                 A         B        C        D         E       F
            +---------+---------+-------+---------+---------+-------
      Total | 1063999 |  803812 |  43.0 |    1925 |     927 |  32.5
            +---------+---------+-------+---------+---------+-------
        D:1 |      26 |       0 |   0.0 |      16 |       0 |   0.0
        D:2 |      47 |      73 |  60.8 |      16 |       2 |  11.1
        D:3 |     140 |       0 |   0.0 |      17 |       0 |   0.0
        D:4 |     422 |     223 |  34.6 |      28 |       2 |   6.7
        D:5 |      84 |     274 |  76.5 |       3 |       1 |  25.0
        D:6 |    1298 |       0 |   0.0 |      34 |       0 |   0.0
        D:7 |     730 |       0 |   0.0 |      14 |       0 |   0.0
        D:8 |    1204 |    2088 |  63.4 |      21 |      14 |  40.0
        D:9 |    2277 |    5236 |  69.7 |      35 |      22 |  38.6
       D:10 |    2892 |      20 |   0.7 |      38 |       4 |   9.5
       D:11 |    2041 |     950 |  31.8 |      18 |       6 |  25.0
       D:12 |    8662 |       0 |   0.0 |      36 |       0 |   0.0
       D:13 |   11794 |    4114 |  25.9 |      43 |      21 |  32.8
       D:14 |   17225 |    9073 |  34.5 |      51 |       6 |  10.5
       D:15 |   37387 |    3804 |   9.2 |      65 |       4 |   5.8
     Lair:1 |    3340 |     816 |  19.6 |      15 |       1 |   6.2
     Lair:2 |    3562 |     815 |  18.6 |      14 |       1 |   6.7
     Lair:3 |    2034 |    5001 |  71.1 |       3 |      13 |  81.2
     Lair:4 |    3188 |     608 |  16.0 |      11 |       2 |  15.4
     Lair:5 |    6382 |    5403 |  45.8 |      19 |      36 |  65.5
     Lair:6 |   10835 |    2811 |  20.6 |      23 |       5 |  17.9
    Swamp:1 |   17397 |       0 |   0.0 |      49 |       0 |   0.0
    Swamp:2 |   11242 |    2157 |  16.1 |      26 |       2 |   7.1
    Swamp:3 |    8734 |       0 |   0.0 |      23 |       0 |   0.0
    Swamp:4 |   12622 |   17262 |  57.8 |      32 |      21 |  39.6
   Spider:1 |   12704 |    1856 |  12.7 |      43 |       7 |  14.0
   Spider:2 |   13516 |    5071 |  27.3 |      38 |       2 |   5.0
   Spider:3 |   18649 |       0 |   0.0 |      59 |       0 |   0.0
   Spider:4 |   10222 |   20721 |  67.0 |      32 |      36 |  52.9
      Orc:1 |    1242 |     980 |  44.1 |      23 |       1 |   4.2
      Orc:2 |    4298 |    9869 |  69.7 |      44 |      61 |  58.1
      Elf:1 |   19940 |   18908 |  48.7 |      31 |      34 |  52.3
      Elf:2 |   15604 |   28749 |  64.8 |      23 |      37 |  61.7
      Elf:3 |   12769 |   49314 |  79.4 |      20 |      33 |  62.3
   Vaults:1 |   29291 |   26150 |  47.2 |      52 |      45 |  46.4
   Vaults:2 |   46821 |   20431 |  30.4 |      66 |      34 |  34.0
   Vaults:3 |   26149 |   31836 |  54.9 |      45 |      32 |  41.6
   Vaults:4 |   35931 |   19421 |  35.1 |      61 |      33 |  35.1
   Vaults:5 |   27882 |  161495 |  85.3 |      43 |     100 |  69.9
    Crypt:1 |   27450 |       0 |   0.0 |      45 |       0 |   0.0
    Crypt:2 |   40424 |   19099 |  32.1 |      51 |       7 |  12.1
    Crypt:3 |   19467 |   55706 |  74.1 |      24 |      84 |  77.8
   Depths:1 |   16377 |      10 |   0.1 |      30 |       1 |   3.2
   Depths:2 |   36301 |   37302 |  50.7 |      46 |      31 |  40.3
   Depths:3 |   41990 |   65156 |  60.8 |      65 |      50 |  43.5
   Depths:4 |   60918 |   37171 |  37.9 |      61 |      19 |  23.8
   Depths:5 |   51093 |   20156 |  28.3 |      50 |      12 |  19.4
       Hell |    5138 |   32473 |  86.3 |       5 |      54 |  91.5
      Dis:1 |   38774 |       0 |   0.0 |      96 |       0 |   0.0
      Dis:2 |   20304 |       0 |   0.0 |      29 |       0 |   0.0
      Zot:1 |   51689 |   12489 |  19.5 |      37 |       4 |   9.8
      Zot:2 |   74756 |    8384 |  10.1 |      47 |       3 |   6.0
      Zot:3 |   39162 |       0 |   0.0 |      19 |       0 |   0.0
      Zot:4 |   48814 |   20733 |  29.8 |      31 |      14 |  31.1
      Zot:5 |   34004 |   22310 |  39.6 |      21 |       6 |  22.2
    Abyss:5 |   16755 |       0 |   0.0 |      38 |       0 |   0.0
     WizLab |       0 |   17294 | 100.0 |       0 |      24 | 100.0
            +---------+---------+-------+---------+---------+-------
